 Dungeon Crawl Stone Soup version 0.26-a0-712-ga5a9c9c9d0 (webtiles) character file.

Game seed: 4293203744141043526

11513 ANON1729 the Transmogrifier (level 11, 0/97 HPs)
             Began as a Deep Dwarf Transmuter on Nov 1, 2020.
             Was a Priest of the Shining One.
             Slain by a two-headed ogre
             ... wielding a cursed +0 giant club
              (29 damage)
             ... on level 11 of the Dungeon.
             The game lasted 00:55:29 (11437 turns).

ANON1729 the Transmogrifier (DDTm)                 Turns: 11437, Time: 00:55:30

Health: 0/97       AC:  2    Str: 14    XL:     11   Next: 50%
Magic:  8/11       EV: 27    Int: 17    God:    the Shining One [***...]
Gold:   207        SH:  0    Dex: 18    Spells: 6/21 levels left

rFire    . . .     SeeInvis +     - Unarmed
rCold    . . .     Faith    .   (shield currently unavailable)
rNeg     + . .     Spirit   .   (armour currently unavailable)
rPois    x         Reflect  .   (helmet currently unavailable)
rElec    .         Harm     .   (cloak currently unavailable)
rCorr    +         Rampage  .   (gloves currently unavailable)
MR       +....                  (boots currently unavailable)
Stlth    +.........             (no amulet)
HPRegen  0.00/turn              f - ring of resist corrosion (curse)
MPRegen  0.12/turn              C - ring of see invisible

@: spider-form, non-regenerating, glowing
A: tiny, damage resistance, heal wounds, sense surroundings 2, no regeneration
a: Heal Wounds, End Transformation, Divine Shield, Renounce Religion


You were on level 11 of the Dungeon.
You worshipped the Shining One.
The Shining One was most pleased with you.
You were a venomous arachnid creature.
You visited 2 branches of the dungeon, and saw 12 of its levels.
You also visited: Sewer.

You collected 477 gold pieces.
You spent 270 gold pieces at shops.

Inventory:

Hand Weapons
 b - a +0 whip
 r - a +0 hunting sling (melded)
Missiles
 s - 275 stones
 t - 29 poisoned darts (quivered)
 v - 69 sling bullets
Armour
 a - a +0 robe
 c - a +0 helmet
 d - a +0 leather armour of cold resistance (melded)
 y - a +0 scale mail of cold resistance
 I - a +0 cloak (melded)
Jewellery
 f - a cursed ring of resist corrosion (left front leg)
 B - an uncursed ring of flight
 C - a ring of see invisible (right front leg)
 E - a +6 ring of intelligence
Wands
 x - a wand of iceblast (9)
 G - a wand of disintegration (10)
 H - a wand of enslavement (9)
Scrolls
 h - 3 scrolls of amnesia
 i - 6 scrolls of teleportation
 k - 4 scrolls of enchant armour
 l - 11 scrolls of remove curse
 m - 2 scrolls of enchant weapon
 o - 4 scrolls of blinking
 p - a scroll of fog
 q - 3 scrolls of fear
 F - 3 scrolls of holy word
Potions
 e - 11 potions of curing
 g - 3 potions of brilliance
 j - 7 potions of flight
 n - 3 potions of stabbing {unknown}
 u - 3 potions of might {unknown}
 w - a potion of ambrosia {unknown}
 z - 4 potions of heal wounds
 A - 3 potions of haste {unknown}
 D - a potion of cancellation {unknown}


   Skills:
 + Level 6.1 Fighting
 + Level 7.7 Dodging
 + Level 6.7 Unarmed Combat
 + Level 5.8 Spellcasting
 * Level 9.1 Transmutations
 + Level 5.2 Ice Magic
 + Level 4.7 Poison Magic


You had 6 spell levels left.
You knew the following spells:

 Your Spells              Type           Power        Failure   Level
a - Beastly Appendage     Tmut           #####.       2%          1
b - Wereblood             Tmut           #####...     3%          2
c - Ice Form              Ice/Tmut       ####....     19%         4
d - Spider Form           Tmut/Pois      ####......   9%          3
e - Blade Hands           Tmut           #####.....   22%         5

Your spell library contained the following spells:

 Spells                   Type           Power        Failure   Level
 Shock                    Conj/Air       #...         30%         1
 Blink                    Tloc           N/A          41%         2
 Swiftness                Air            #.......     41%         2
 Gell's Gravitas          Tloc           #.........   58%         3
 Lesser Beckoning         Tloc           #.........   58%         3
 Static Discharge         Conj/Air       #.......     58%         3
 Teleport Other           Tloc           #.......     58%         3
 Airstrike                Air            #.........   91%         4
 Passage of Golubria      Tloc           N/A          91%         4
 Lightning Bolt           Conj/Air       #.........   99%         5


Dungeon Overview and Level Annotations

Branches:
Dungeon (11/15)            Temple (1/1) D:7            Lair (0/6) D:8
    Orc (0/2) D:11          Sewer (visited)

Altars:
Ashenzari
Cheibriados
Dithmenos
Elyvilon
Fedhas
Gozag
Hepliaklqana
Kikubaaqudgha
Makhleb
Nemelex Xobeh
Okawaru
Qazlal
Ru
Sif Muna
Trog
Uskayaw
Vehumet
Wu Jian
Xom
Yredelemnul
Zin
The Shining One

Shops:
D:6 [   D:7 *   D:10 *


Innate Abilities, Weirdness & Mutations

You are resistant to damage.
You can heal yourself by infusing magical energy.
You passively map the area around you.
You do not regenerate.


Message History

Found an escape hatch in the floor.
A two-headed ogre comes into view.
It is wielding a +0 giant club and a +0 dire flail.
The two-headed ogre shouts in stereo!
Casting: Wereblood (safe; 1% risk of failure)
Confirm with . or Enter, or press ? or * to list all spells.
You turn into a venomous arachnid creature.
Your +0 hunting sling melds into your body.
Your +0 cloak melds into your body.
Your +0 leather armour of cold resistance melds into your body.
You feel less resistant to cold.
You bite the two-headed ogre!
The two-headed ogre is moderately wounded.
The two-headed ogre barely misses you.
The two-headed ogre hits you with a +0 dire flail!!
* * * LOW HITPOINT WARNING * * *
You hit the two-headed ogre but do no damage.
The two-headed ogre is poisoned.
The two-headed ogre is moderately wounded.
The two-headed ogre hits you with a cursed +0 giant club!!
You die...

.. * * * * * .# # #., * *
* * .# #.##. * *, , ,*
#.#..##,## ,* .....##. #
* ,, ,### #.(^#.** .# *
,,, .... ....* *#.## * ,
###...##.########...####,
...............sO.....+ ,
,
*##...##.########.>.####
, ##.###.# ,..## * ,,,
#....# , ### * , * #.#..#
, ,, #...## + ##.## *,* *
#.# * ######.# , * ,,,, ,
,


You could see a two-headed ogre (very poisoned).

Vanquished Creatures
  A centaur warrior (D:8)
  An orc knight (D:8)
  Pikel (D:4)
  A cyclops (D:11)
  3 ugly things
  Prince Ribbit (D:5)
  Grinder (D:4)
  Sigmund (D:6)
  3 yaks (D:10)
  14 wargs (D:8)
  Edmund (D:4)
  An ice beast (D:9)
  5 sky beasts
  4 orc warriors
  A phantom (D:8)
  A necrophage (D:9)
  11 centaurs
  2 lemures (D:4)
  2 ogres
  2 big kobolds
  5 bullfrogs
  An elf zombie (D:9)
  An elf skeleton (D:9)
  A gnoll sergeant (D:8)
  A wyvern zombie (D:10)
  3 scorpions
  4 killer bees (D:8)
  10 wights (D:9)
  A bullfrog zombie (D:6)
  4 human zombies (D:9)
  3 jellies
  2 bullfrog skeletons
  12 orc priests
  5 hounds
  9 orc wizards
  2 centaur skeletons
  2 human skeletons (D:9)
  7 iguanas
  9 worker ants
  An ogre zombie (D:9)
  3 hound skeletons
  A mummy (D:9)
  A howler monkey zombie (D:7)
  Robin (D:2)
  6 gnolls
  A howler monkey skeleton (D:7)
  2 river rats
  22 adders
  A shadow imp (D:7)
  An ufetubus (D:7)
  3 oozes
  5 worms
  An adder skeleton (D:7)
  An adder zombie (D:7)
  A dart slug (D:1)
  4 leopard geckos
  63 orcs
  2 ball pythons (D:3)
  13 bats
  10 giant cockroaches
  16 goblins
  9 hobgoblins
  19 jackals
  11 kobolds
  5 quokkas
  5 frilled lizards
  A leopard gecko skeleton (D:8)
  A quokka skeleton (D:6)
  5 rats
354 creatures vanquished.

Vanquished Creatures (others)
  2 fungi (D:8)
  4 plants (D:8)
6 creatures vanquished.

Grand Total: 360 creatures vanquished

Notes
Turn   | Place    | Note
-------+----------+-------------------------------------------
     0 | D:1      | ANON1729 the Deep Dwarf Transmuter began the quest for the
                  | Orb.
     0 | D:1      | Reached XP level 1. HP: 16/16 MP: 3/3
   124 | D:1      | Reached skill level 1 in Fighting
   213 | D:1      | Reached XP level 2. HP: 17/25 MP: 4/4
   251 | D:1      | Reached skill level 2 in Transmutations
   726 | D:2      | Noticed Robin
   828 | D:2      | Reached XP level 3. HP: 12/31 MP: 0/6
   870 | D:2      | Killed Robin
  1169 | D:2      | Learned a level 2 spell: Wereblood
  1173 | D:2      | Learned a level 3 spell: Spider Form
  1186 | D:2      | Reached XP level 4. HP: 29/38 MP: 7/7
  1481 | D:2      | Found a snail-covered altar of Cheibriados.
  1640 | D:3      | You fall into a shaft and drop 2 floors!
  1640 | D:5      | Entered Level 5 of the Dungeon
  2042 | D:3      | Found a glowing drain.
  2059 | D:3      | Reached skill level 3 in Transmutations
  2064 | Sewer    | Entered a sewer
  2075 | Sewer    | Reached XP level 5. HP: 20/45 MP: 4/8
  2500 | Sewer    | Reached XP level 6. HP: 15/54 MP: 6/10
  2536 | D:3      | Found a sparkling altar of Nemelex Xobeh.
  3065 | D:3      | Found a burning altar of Makhleb.
  3152 | D:4      | Reached skill level 4 in Transmutations
  3380 | D:4      | Reached XP level 7. HP: 14/61 MP: 7/11
  3831 | D:4      | Found a shadowy altar of Dithmenos.
  3979 | D:4      | Learned a level 4 spell: Ice Form
  3983 | D:5      | Noticed Edmund
  4018 | D:4      | Killed Edmund
  4052 | D:5      | Noticed Pikel
  4096 | D:4      | Killed Pikel
  4096 | D:4      | Reached skill level 5 in Transmutations
  4096 | D:4      | Reached skill level 1 in Ice Magic
  4096 | D:4      | Reached skill level 1 in Poison Magic
  4096 | D:4      | Reached XP level 8. HP: 24/69 MP: 1/12
  4130 | D:5      | Noticed Prince Ribbit
  4256 | D:5      | Noticed Grinder
  4363 | D:4      | Paralysed by Grinder for 4 turns
  4368 | D:4      | Killed Grinder
  4368 | D:4      | Reached skill level 5 in Dodging
  4381 | D:5      | Killed Prince Ribbit
  5096 | D:6      | Reached skill level 6 in Transmutations
  5099 | D:6      | Found Waklepsi's Armour Boutique.
  5137 | D:6      | Noticed Sigmund
  5152 | D:6      | Killed Sigmund
  5152 | D:6      | Gained mutation: You passively map the area around you.
                  | [Deep Dwarf growth]
  5152 | D:6      | Reached XP level 9. HP: 63/78 MP: 8/11
  5294 | D:6      | Reached skill level 5 in Unarmed Combat
  5368 | D:6      | Found a stormy altar of Qazlal.
  5608 | D:6      | Found a radiant altar of Vehumet.
  5705 | D:6      | Found an opulent altar of Gozag.
  5706 | D:6      | Found an ornate altar of the Wu Jian Council.
  6297 | D:7      | Found Fetyrr's General Store.
  6400 | D:7      | Bought 2 scrolls of blinking for 180 gold pieces
  6400 | D:7      | Bought a potion of heal wounds for 60 gold pieces
  6665 | D:7      | Found a staircase to the Ecumenical Temple.
  6683 | Temple   | Entered the Ecumenical Temple
  6920 | Temple   | Became a worshipper of the Shining One
  7145 | D:8      | Learned a level 5 spell: Blade Hands
  7173 | D:8      | Found a blossoming altar of Fedhas.
  7225 | D:8      | Found a basalt altar of Yredelemnul.
  7236 | D:8      | Reached skill level 7 in Transmutations
  7283 | D:8      | Found a broken altar of Ashenzari.
  7283 | D:8      | Noticed a centaur warrior
  7286 | D:8      | Found a shimmering blue altar of Sif Muna.
  7304 | D:8      | Killed a centaur warrior
  7304 | D:8      | Reached XP level 10. HP: 41/87 MP: 2/13
  7710 | D:8      | Reached skill level 5 in Fighting
  7821 | D:8      | Found a staircase to the Lair.
  7932 | D:8      | Reached skill level 5 in Spellcasting
  8033 | D:8      | Reached skill level 8 in Transmutations
  8238 | D:8      | Noticed an orc knight
  8249 | D:8      | Reached * piety under the Shining One
  8601 | D:8      | Killed an orc knight
  9259 | D:9      | Reached ** piety under the Shining One
  9264 | D:9      | Reached XP level 11. HP: 83/97 MP: 13/13
  9513 | D:9      | Found a hazy altar of Hepliaklqana.
  9698 | D:9      | Reached *** piety under the Shining One
  9710 | D:9      | Found a basalt altar of Yredelemnul.
 10134 | D:9      | Got a brightly glowing scale mail
 10146 | D:9      | Identified the +3 scale mail of the Wasteland {-Cast MR-
                  | Int+5 Slay+5} (You found it on level 9 of the Dungeon)
 10188 | D:10     | Entered Level 10 of the Dungeon
 10256 | D:10     | Noticed a white ugly thing
 10267 | D:10     | Killed a white ugly thing
 10407 | D:10     | Found Juewn's General Store.
 10414 | D:10     | Bought a scroll of identify for 30 gold pieces
 10626 | D:10     | HP: 1/97 [yak (17)]
 10996 | D:10     | Noticed a brown ugly thing
 11005 | D:10     | Killed a brown ugly thing
 11005 | D:10     | Reached skill level 5 in Ice Magic
 11256 | D:11     | Found an opulent altar of Gozag.
 11275 | D:11     | Reached skill level 9 in Transmutations
 11355 | D:11     | Noticed a green ugly thing
 11360 | D:11     | Killed a green ugly thing
 11432 | D:11     | Noticed a two-headed ogre
 11437 | D:11     | Slain by a two-headed ogre

Illustrated notes

Levels and vault maps discovered:
D:1:      wander_arrival_estate, layout_loops_ring
D:2:      layout_loops_ring, marbit_many_paths, chequers_serial_rivers_room_b,
          uniq_robin
D:3:      layout_loops_corners, lemuel_crystal_altar,
          lemuel_coloured_pillars_altar, portal_sewer_entry_a,
          kennysheep_big_empty_room, grunt_decor_mini_mirrors, st_stairs_9,
          minmay_unequal
D:4:      layout_cave_pools, nicolae_dithmenos_the_darkroom
D:5:      layout_rooms, uniq_prince_ribbit1, uniq_grinder, uniq_pikel,
          uniq_edmund
D:6:      layout_cave_pools, nicolae_qazlal_eye_of_the_storm,
          old_standard_altar, gammafunk_temple_overflow_statue, serial_shops,
          shop, chequers_serial_rivers_micro_b, uniq_sigmund
D:7:      layout_loops_ring, minmay_temple_entry_mini_moons, serial_shops, shop
D:8:      lemuel_castle_with_subvaults [lemuel_castle_interior_carwin_1],
          layout_cave_pools, ashenzari_altar_1, kennysheep_mini,
          old_standard_altar, dpeg_oklobed_lair, fedhas_ov_isle_minmay
D:9:      layout_irregular_city, lemuel_crystal_altar,
          lemuel_mausoleum_altar_yredelemnul
D:10:     layout_basic, serial_shops, shop
D:11:     layout_loops_corners, orc_0_dummy, gauntlet_entry_generic,
          nicolae_gozag_cash_rules_everything_around_me
Temple:   jpeg_temple_island

Skill      XL: |  1  2  3  4  5  6  7  8  9 10 11 |
---------------+----------------------------------+-----
Fighting       | 1 2 3 4 5 6 |  6.1
Transmutations | 2 3 4 5 6 7 8 9 |  9.1
Spellcasting   | 2 3 4 5 |  5.8
Unarmed Combat | 3 4 5 6 |  6.7
Dodging        | 3 4 5 6 7 |  7.7
Ice Magic      | 1 2 3 4 5 |  5.2
Poison Magic   | 1 2 3 4 |  4.7

Action                   |  1- 3 |  4- 6 |  7- 9 | 10-12 || total
-------------------------+-------+-------+-------+-------++-------
Melee: Unarmed           |   121 |   229 |   296 |   392 ||  1038
       Kick              |    25 |    33 |       |       ||    58
       Headbutt          |    15 |    19 |       |       ||    34
       Punch             |     3 |     1 |       |       ||     4
 Fire: Hunting sling     |       |       |    79 |   151 ||   230
Throw: Dart              |       |       |    10 |     8 ||    18
 Cast: Beastly Appendage |    21 |    29 |     2 |       ||    52
       Spider Form       |       |    12 |    40 |    14 ||    66
       Wereblood         |       |     4 |     4 |    11 ||    19
       Ice Form          |       |       |    10 |    37 ||    47
 Abil: Heal Wounds       |     1 |     2 |    18 |    25 ||    46
       End Transformatio |       |       |       |     5 ||     5
Evoke: Wand              |       |       |       |    19 ||    19
  Use: Scroll            |       |     5 |       |     8 ||    13
       Potion            |       |     1 |       |       ||     1
 Stab: Sleeping          |       |     1 |     1 |       ||     2
Armor: Robe              |     7 |       |       |       ||     7
       Leather armour    |    43 |    35 |    15 |     2 ||    95
       Skin              |       |       |    21 |    50 ||    71
Dodge: Dodged            |   109 |   154 |   374 |   261 ||   898

Table legend: (Time is in decaauts)
 A = Elapsed time spent in this place.
 B = Non-inter-level travel time spent in this place.
 C = Inter-level travel time spent in this place.
 D = Time resting spent in this place.
 E = Time spent auto-exploring this place.
 F = Levels seen in this place.
 G = Mean time per level.
                   A        B        C        D        E       F      G
               +--------+--------+--------+--------+--------+-----+--------+
         Total |  11541 |  11049 |    492 |    118 |   6820 |  13 |  887.8 |
       Dungeon |  10722 |  10289 |    433 |    118 |   6409 |  11 |  974.7 |
        Temple |    307 |    248 |     59 |      0 |    245 |   1 |  307.0 |
         Sewer |    511 |    511 |      0 |      0 |    165 |   1 |  511.0 |
               +--------+--------+--------+--------+--------+-----+--------+

Top non-repeatable levels by time:
     D:8: 1830 daAuts
     D:9: 1224 daAuts
     D:3: 1203 daAuts
     D:7: 1069 daAuts
     D:4: 991 daAuts
    D:10: 977 daAuts
     D:2: 879 daAuts
     D:5: 818 daAuts
     D:6: 786 daAuts
     D:1: 682 daAuts
   Sewer: 511 daAuts
  Temple: 307 daAuts
    D:11: 259 daAuts
